 Dungeon Sprint DCSS version 0.28-a0-407-g69098e2f6d (webtiles) character file.

Game seed: 7430008350685717656

154 dolemite99 the Digger (level 5, -8/41 HPs)
             Began as a Gnoll Earth Elementalist on Sept 6, 2021.
             Was an Initiate of Vehumet.
             Mangled by a human (12 damage)
             ... in the Dungeon (Sprint III: "The Ten Rune Challenge").
             The game lasted 00:02:47 (530 turns).

dolemite99 the Digger (Gnoll Earth Elementalist)     Turns: 530, Time: 00:02:47

Health: -8/41      AC:  2    Str:  7    XL:     5   Next: 35%
Magic:  3/13       EV: 14    Int: 15    God:    Vehumet [......]
Gold:   33         SH:  0    Dex: 13    Spells: 12/16 levels left

rFire   . . .      SeeInvis .     - Unarmed
rCold   . . .      Faith    .   (no shield)
rNeg    . . .      Spirit   .   b - +0 robe
rPois   .          Reflect  .   (no helmet)
rElec   .          Harm     .   (no cloak)
rCorr   .          Rampage  .   (no gloves)
Will    .....      NoTele   +   (no boots)
Stlth   +++.......              (no amulet)
HPRegen 0.13/turn               (no ring)
MPRegen 0.13/turn               (no ring)

@: no status effects
A: fangs 1, strong nose, distributed training
a: Renounce Religion


You were in the Dungeon.
You worshipped Vehumet.
Vehumet was noncommittal.
You visited 1 branch You collected 33 gold pieces.

Inventory:

Missiles
 a - 19 arrows
 i - 10 stones
Armour
 b - a +0 robe (worn)
Scrolls
 h - a scroll of blinking
 j - 2 scrolls of holy word
Potions
 e - a potion of haste
 f - 2 potions of magic
 g - a potion of berserk rage
 l - 2 potions of flight
 m - 6 potions of mutation


   Skills:
 + Level 3.4 Fighting
 + Level 3.4 Short Blades
 + Level 3.4 Long Blades
 + Level 3.4 Axes
 + Level 3.4 Maces & Flails
 + Level 3.4 Polearms
 + Level 3.4 Staves
 + Level 3.4 Slings
 + Level 3.4 Bows
 + Level 3.4 Crossbows
 + Level 3.4 Throwing
 + Level 3.4 Armour
 + Level 5.8 Dodging
 + Level 5.5 Stealth
 + Level 3.4 Shields
 + Level 3.4 Unarmed Combat
 + Level 6.1 Spellcasting
 + Level 2.8 Conjurations
 + Level 2.8 Hexes
 + Level 2.8 Summonings
 + Level 2.8 Necromancy
 + Level 2.8 Translocations
 + Level 3.6 Transmutations
 + Level 2.8 Fire Magic
 + Level 2.8 Ice Magic
 + Level 2.8 Air Magic
 + Level 6.2 Earth Magic
 + Level 2.8 Poison Magic
 + Level 3.8 Invocations
 + Level 3.4 Evocations


You had 12 spell levels left.
You knew the following spells:

 Your Spells              Type           Power      Damage    Failure   Level
a - Sandblast             Erth           46%        2d11      1%          1
b - Stone Arrow           Conj/Erth      36%        3d9       7%          3

Your spell library contained the following spells:

 Spells                   Type           Power      Damage    Failure   Level
 Passwall                 Tmut/Erth      15%        N/A       3%          2
 Petrify                  Tmut/Erth      19%        N/A       19%         4
 Olgreb's Toxic Radiance  Pois           13%        N/A       41%         4
 Ozocubu's Refrigeration  Ice            6%         4d6       100%        7
 Ignition                 Fire           6%         3d4       100%        8


Dungeon Overview and Level Annotations

Branches:
Dungeon (1/1)

Altars:
Kikubaaqudgha
Okawaru
Sif Muna
Trog
Uskayaw
Vehumet
Wu Jian
Beogh

Annotations:
D exclusion: door


Innate Abilities, Weirdness & Mutations

You have very sharp teeth.
Your uncanny sense of smell can sniff out nearby items.
Your experience applies equally to all skills.


Message History

The blast of sand hits the human!
The human is moderately wounded.
The human hits you with a +0 dagger! The human completely misses you.
The human hits you with a +0 dagger.
Casting: Sandblast (safe; 1% risk of failure)
Confirm with . or Enter, or press ? or * to list all spells.
Okay, then.
You feel much better. The human misses you.
The human hits you with a +0 dagger!
Casting: Sandblast (safe; 1% risk of failure)
Confirm with . or Enter, or press ? or * to list all spells.
Aiming: Sandblast (safe; 1% risk of failure)
Press: ? - help, Shift-Dir - straight line, f/p - human
Aim: a human, wielding a +0 dagger (moderately wounded, berserk, 73% to hit)
The blast of sand hits the human!!
The human is severely wounded.
The human closely misses you. The human hits you!
The human completely misses you.
Casting: Sandblast (safe; 1% risk of failure)
Confirm with . or Enter, or press ? or * to list all spells.
Aiming: Sandblast (safe; 1% risk of failure)
Press: ? - help, Shift-Dir - straight line, f/p - human
Aim: a human, wielding a +0 dagger (severely wounded, berserk, 73% to hit)
The blast of sand hits the human.
The human is severely wounded.
The human barely misses you. The human hits you with a +0 dagger!!
* * * LOW HITPOINT WARNING * * *
You feel better. The human barely misses you.
The human hits you but does no damage. The human misses you.
Casting: Sandblast (safe; 1% risk of failure)
Confirm with . or Enter, or press ? or * to list all spells.
Aiming: Sandblast (safe; 1% risk of failure)
Press: ? - help, Shift-Dir - straight line, f/p - human
Aim: a human, wielding a +0 dagger (severely wounded, berserk, 73% to hit)
The blast of sand hits the human but does no damage.
The human is severely wounded.
The human hits you.
* * * LOW HITPOINT WARNING * * *
The human hits you with a +0 dagger!
You die...

.......#..#..#∆ #__∆ ∆
#.##...#..#..###+#'###+##
#.###..##'#..#..........#∆
##.##..###...'.⌠........#∆
..##..####...#..p######+#
..##..###....#.⌠.#
.##†..##.....#)).#∆
##....#......#'###
##..##.#.....#.p@# #..
####....#_p_# ▓▓▓
▓▓▓▓▓▓▓▓▓▓


You could see 2 humans.

Vanquished Creatures
  A water elemental (D)
  A wizard (D)
  Jessica (D)
  A human (D)
  A kobold demonologist (D)
  A phantom (D)
  An endoplasm (D)
  2 rats (D)
9 creatures vanquished.

Notes
Turn   | Place    | Note
-------+----------+-------------------------------------------
     0 | D        | dolemite99 the Gnoll Earth Elementalist began the quest for
                  | the Orb.
     0 | D        | Reached XP level 1. HP: 13/13 MP: 6/6
    58 | D        | Noticed Jessica
    64 | D        | Killed Jessica
    65 | D        | Reached skill level 1 in Fighting
    65 | D        | Reached skill level 1 in Short Blades
    65 | D        | Reached skill level 1 in Long Blades
    65 | D        | Reached skill level 1 in Axes
    65 | D        | Reached skill level 1 in Maces & Flails
    65 | D        | Reached skill level 1 in Polearms
    65 | D        | Reached skill level 1 in Staves
    65 | D        | Reached skill level 1 in Slings
    65 | D        | Reached skill level 1 in Bows
    65 | D        | Reached skill level 1 in Crossbows
    65 | D        | Reached skill level 1 in Throwing
    65 | D        | Reached skill level 1 in Armour
    65 | D        | Reached skill level 1 in Shields
    65 | D        | Reached skill level 1 in Unarmed Combat
    65 | D        | Reached skill level 5 in Spellcasting
    65 | D        | Reached skill level 1 in Conjurations
    65 | D        | Reached skill level 1 in Hexes
    65 | D        | Reached skill level 1 in Summonings
    65 | D        | Reached skill level 1 in Necromancy
    65 | D        | Reached skill level 1 in Translocations
    65 | D        | Reached skill level 1 in Fire Magic
    65 | D        | Reached skill level 1 in Ice Magic
    65 | D        | Reached skill level 1 in Air Magic
    65 | D        | Reached skill level 1 in Poison Magic
    65 | D        | Reached skill level 1 in Evocations
    65 | D        | Reached XP level 2. HP: 22/22 MP: 5/8
    65 | D        | Reached XP level 3. HP: 27/27 MP: 5/9
   109 | D        | Learned a level 3 spell: Stone Arrow
   140 | D        | Reached skill level 5 in Dodging
   287 | D        | Noticed a water elemental
   295 | D        | Killed a water elemental
   296 | D        | Reached skill level 5 in Stealth
   296 | D        | Reached XP level 4. HP: 20/35 MP: 6/11
   414 | D        | Found a radiant altar of Vehumet.
   414 | D        | Found a shimmering blue altar of Sif Muna.
   414 | D        | Found an ancient bone altar of Kikubaaqudgha.
   414 | D        | Noticed a wizard
   417 | D        | Killed a wizard
   418 | D        | Reached XP level 5. HP: 39/41 MP: 8/13
   501 | D        | Became a worshipper of Vehumet
   509 | D        | Found a hide-covered altar of Uskayaw.
   509 | D        | Found an iron altar of Okawaru.
   509 | D        | Found a bloodstained altar of Trog.
   509 | D        | Found an ornate altar of the Wu Jian Council.
   509 | D        | Noticed a human
   510 | D        | Noticed a human
   530 | D        | Mangled by a human

Illustrated notes

Levels and vault maps discovered:
D:        dungeon_sprint_mu [sprint_mu_entry_cave, sprint_mu_temple_rooms,
          sprint_mu_d1_spiders, sprint_mu_d2_genie, sprint_mu_d3_branching,
          sprint_mu_orc_legion, sprint_mu_elf_gauntlet, sprint_mu_hive_nellie,
          sprint_mu_lair_fedhas, sprint_mu_vaults_butterflies,
          sprint_mu_slime_circle, sprint_mu_shoals_archi,
          sprint_mu_snake_twists, sprint_mu_blade_basic,
          sprint_mu_crypt_chambers, sprint_mu_tomb_spiral,
          sprint_mu_vestibule_basic, sprint_mu_gehenna_hellfire,
          sprint_mu_dis_giant, sprint_mu_tartarus_statrot,
          sprint_mu_cocytus_islands, sprint_mu_zot1]

Skill      XL: |  1  2  3  4 |
---------------+-------------+-----
Transmutations | 2 3 |  3.6
Fighting       | 1 3 |  3.4
Short Blades   | 1 3 |  3.4
Long Blades    | 1 3 |  3.4
Axes           | 1 3 |  3.4
Maces & Flails | 1 3 |  3.4
Polearms       | 1 3 |  3.4
Staves         | 1 3 |  3.4
Slings         | 1 3 |  3.4
Bows           | 1 3 |  3.4
Crossbows      | 1 3 |  3.4
Throwing       | 1 3 |  3.4
Armour         | 1 3 |  3.4
Shields        | 1 3 |  3.4
Unarmed Combat | 1 3 |  3.4
Spellcasting   | 5 6 |  6.1
Conjurations   | 1 2 |  2.8
Hexes          | 1 2 |  2.8
Summonings     | 1 2 |  2.8
Necromancy     | 1 2 |  2.8
Translocations | 1 2 |  2.8
Fire Magic     | 1 2 |  2.8
Ice Magic      | 1 2 |  2.8
Air Magic      | 1 2 |  2.8
Poison Magic   | 1 2 |  2.8
Invocations    | 2 3 |  3.8
Evocations     | 1 3 |  3.4
Dodging        | 5 |  5.8
Stealth        | 5 |  5.5
Earth Magic    | 6 |  6.2

Action                   |  1- 3 |  4- 6 || total
-------------------------+-------+-------++-------
Melee: Unarmed           |     2 |       ||     2
 Cast: Sandblast         |    17 |    18 ||    35
  Use: Scroll            |     2 |       ||     2
       Potion            |       |     2 ||     2
Armor: Robe              |     2 |     1 ||     3
Dodge: Dodged            |     6 |    12 ||    18

Table legend: (Time is in decaauts)
 A = Elapsed time spent in this place.
 B = Non-inter-level travel time spent in this place.
 C = Inter-level travel time spent in this place.
 D = Time resting spent in this place.
 E = Time spent auto-exploring this place.
 F = Levels seen in this place.
 G = Mean time per level.
                   A        B        C        D        E       F      G
               +--------+--------+--------+--------+--------+-----+--------+
         Total |    530 |    530 |      0 |    298 |     67 |   1 |  530.0 |
       Dungeon |    530 |    530 |      0 |    298 |     67 |   1 |  530.0 |
               +--------+--------+--------+--------+--------+-----+--------+

Top non-repeatable levels by time:
       D: 530 daAuts
